Cogmind - Beta 15 @@@ ROGUE MODE // 2025.09.20 @ 04:34:21 Player: Lillith Result: Destroyed by G-67 Veteran with Field Laser Performance ------------- Evolutions (4) 2000 Regions Visited (6) 1200 Robots Destroyed (58) 290 Value Destroyed (1693) 1693 Prototype IDs (15) 300 Alien Tech Used (0) 0 Bonus (1395) 1395 TOTAL SCORE: 6878 Bonus ------- Follower Combat Kills 595 Registered with UFD 300 Met Optimus in HQ 500 Cogmind --------- Core Integrity 0/850 Matter 300/300 Energy 100/100 System Corruption 2% Temperature Cool (0) Movement Core (400) Ox7 Location -6/Lower Caves Parts ------- > --- POWER (1) -------- (None) > --- PROPULSION (5) --- (None) > --- UTILITY (7) ------ Large Storage Unit Advanced Signal Interpreter Makeshift Hacking Suite A0-MCA's Component Scanner > --- WEAPON (2) ------- Companion Sword > --- INVENTORY (15) --- Heavy Deuterium Engine Advanced Power Amplifier Deep Structural Scanner Improved Sensor Array Microactuators Improved Force Field Proton Missile Launcher DRS Beacon (Ready) Large Botcube Peak State ------------ > --- POWER ------------ Heavy Deuterium Engine > --- PROPULSION ------- Carbon-fiber Leg Carbon-fiber Leg VSS Leg VSS Leg VSS Leg > --- UTILITY ---------- Large Storage Unit Deep Structural Scanner Advanced Signal Interpreter Hardened Medium Armor Plating Makeshift Hacking Suite Makeshift Hacking Suite A0-MCA's Component Scanner > --- WEAPON ----------- Proton Missile Launcher Companion Sword > --- INVENTORY -------- Heavy Deuterium Engine VSS Leg VSS Leg Advanced Power Amplifier Improved Sensor Array Microactuators Improved Light Armor Plating Improved Light Armor Plating Improved Force Field DRS Beacon Large Botcube [Rating: 66] Favorites ----------- Power Ion Engine Engine Ion Engine Power Core Light Fission Core Propulsion VSS Leg Treads Light Treads Leg VSS Leg Wheel Subdweller Monowheel Utility Huge Storage Unit Device Seismic Detector Storage Huge Storage Unit Processor A0-MCA's Component Scanner Hackware Makeshift Hacking Suite Protection Makeshift Light Armor Plating Weapon Companion Sword Ballistic Gun Heavy Assault Rifle Launcher Proton Missile Launcher Impact Weapon Heavy Hammer Slashing Weapon Companion Sword Piercing Weapon Makeshift Spear Build | -11 -10 -10 -8 -8 -6 -6 ------- Run | Yrd Mat Sub Rec Scr Fac Low Slots Evolved 8 | . . . . . 8 . Power . | . . . . . . . Propulsion 3 | . . . . . 3 . Utility 5 | . . . . . 5 . Weapon . | . . . . . . . Parts Attached 58 | 7 4 15 1 10 15 6 Power 4 | 1 . 1 . 1 1 . Engine 3 | 1 . 1 . . 1 . Core 1 | . . . . 1 . . Reactor . | . . . . . . . Propulsion 23 | 2 . 4 1 5 8 3 Treads 4 | 1 . 2 . 1 . . Leg 14 | . . . . 3 8 3 Wheel 5 | 1 . 2 1 1 . . Hover . | . . . . . . . Flight . | . . . . . . . Utility 18 | 2 2 3 . 3 6 2 Device 4 | 1 . . . 2 1 . Storage 3 | 1 2 . . . . . Processor 2 | . . . . . 1 1 Hackware 2 | . . . . . 2 . Protection 7 | . . 3 . 1 2 1 Artifact . | . . . . . . . Weapon 13 | 2 2 7 . 1 . 1 Energy Gun . | . . . . . . . Energy Cannon . | . . . . . . . Ballistic Gun 8 | 2 2 4 . . . . Ballistic Cannon . | . . . . . . . Launcher 2 | . . 1 . . . 1 Special Weapon . | . . . . . . . Impact Weapon 1 | . . 1 . . . . Slashing Weapon 1 | . . . . 1 . . Piercing Weapon 1 | . . 1 . . . . Special Melee Weapon . | . . . . . . . Unidentified Prototypes 1 | . . . . 1 . . Parts Lost 18 | . . 4 . 1 . 13 Power 2 | . . 1 . . . 1 Propulsion 11 | . . 2 . 1 . 8 Utility 4 | . . . . . . 4 Weapon 1 | . . 1 . . . . Highest Loss Streak 5 | . . 2 . 1 . 5 To Critical Strikes . | . . . . . . . Average Backups 13 | 4 10 22 25 12 6 8 Power . | . 1 . 1 . . 1 Propulsion 2 | 3 2 3 4 1 1 1 Utility 7 | . 3 11 13 7 3 4 Weapon 3 | . 4 7 7 2 1 . Tool/Special . | . . . . . . . Unused Backups 25 | . 3 4 . 12 1 5 Power 2 | . . . . 1 . 1 Propulsion 2 | . 2 . . . . . Utility 12 | . . 1 . 7 . 4 Weapon 8 | . 1 3 . 4 . . Tool/Special 1 | . . . . . 1 . Average Slot Usage (%) 87 | . 100 99 100 77 89 87 Engine 7 | . 14 13 14 4 1 5 Core 3 | . . . . 7 4 . Treads 7 | . 14 14 14 4 . . Leg 13 | . . . . 16 30 30 Wheel 6 | . 14 13 14 4 . . Device 5 | . 14 3 . 1 12 8 Storage 10 | . 14 14 14 9 6 6 Processor 1 | . . . . . 5 9 Hackware 2 | . . . . . 12 12 Protection 7 | . . 10 14 9 5 5 Ballistic Gun 14 | . 28 26 28 9 . . Slashing Weapon 4 | . . . . 8 6 6 Peak Build Rating 66 | 7 11 20 20 32 61 66 Average Rating 26 | 4 10 15 20 23 56 58 On Entrance 21 | . 7 11 20 20 28 61 Naked Turns 272 | . . . . 272 . . Heaviest Build 97 | 15 92 97 97 97 46 53 Greatest Support 73 | 20 20 40 20 33 73 66 Greatest Overweight (x) 9 | . 9 9 4 4 1 1 Average Overweight (x) 1 | . 3 5 4 1 . . Largest Inventory Capacity 25 | 8 25 25 25 25 15 15 Average Capacity 17 | 6 16 25 25 15 15 15 Most Carried 25 | 6 16 25 25 25 15 15 Average Carried 15 | 4 10 22 25 13 12 13 Final Capacity 25 | 8 25 25 25 15 15 15 Final Carried 25 | 6 16 25 25 15 15 10 Class Distribution -------------------- 81% | Mutant 18% | Hacker-Mutant Dominant Class ---------------- Mutant | -10/Materials Mutant | -10/Subcaves Mutant | -8/Recycling Mutant | -8/Scraptown Hacker-Mutant | -6/Factory Hacker-Mutant | -6/Lower Caves Resources | -11 -10 -10 -8 -8 -6 -6 ----------- Run | Yrd Mat Sub Rec Scr Fac Low Matter Collected 2511 | 257 249 728 35 915 188 139 Remotely . | . . . . . . . Salvage Created 2263 | 99 284 380 85 . 249 1166 Parts 120 | 11 22 30 4 . 13 40 Haulers Intercepted 2 | . . . . . 1 1 Recyclers Shooed . | . . . . . . . Parts Field Recycled . | . . . . . . . Retrieved Matter . | . . . . . . . Parts Self-Destructed 40 | . . 8 . . . 32 Prevented 12 | . . . . . . 12 Kills | -11 -10 -10 -8 -8 -6 -6 ------- Run | Yrd Mat Sub Rec Scr Fac Low Combat Hostiles Destroyed 42 | . 7 13 . . 2 20 Melee 16 | . . . . . 2 14 Guns 17 | . 7 10 . . . . AOE 7 | . . 3 . . . 4 Classes Destroyed 11 | 2 5 2 1 . 1 . Builder 3 | . . . 1 . 2 . Tunneler 3 | 3 . . . . . . Hauler 2 | . . . . . 1 1 Recycler 3 | 1 1 . 1 . . . Mechanic 1 | . 1 . . . . . Operator 2 | . 2 . . . . . Watcher 2 | . 2 . . . . . Swarmer 15 | . 6 4 . . . 5 Grunt 17 | . 1 . . . 1 15 Sentry 2 | . . 1 . . 1 . Subdweller 8 | . . 8 . . . . Best Kill Streak 6 | 4 5 4 2 . 1 6 Combat Bots Only 6 | . 3 4 . . 1 6 Max Kills in Single Turn 2 | 1 1 1 1 . 1 2 Gunslinging . | . . . . . . . Exploded 2 | . . 1 . . . 2 Melee 1 | . . . . . 1 1 Uniques/NPCs Destroyed . | . . . . . . . Combat | -11 -10 -10 -8 -8 -6 -6 -------- Run | Yrd Mat Sub Rec Scr Fac Low Hostile Shots Fired 271 | . 29 53 . 1 10 178 Missed 74 | . 5 13 . . 3 53 Hits 197 | . 24 40 . 1 7 125 Projectile 197 | . 24 40 . 1 7 125 AOE 1 | . . 1 . . . . Critical Strikes 13 | . . 1 . . 1 11 Part Disruptions 1 | . . . . . . 1 Damage Taken 3703 | . 213 815 . 73 224 2378 Core 1080 | . 46 184 . . 55 795 Absorbed by Shields . | . . . . . . . Core Remaining (%) 54 | 100 . . . 8 . . Volleys Fired 100 | 5 37 48 3 . . 7 Largest 2 | 2 2 2 2 . . 1 Hottest 63 | 40 46 63 63 . . 39 Shots Fired 176 | 10 74 79 6 . . 7 Gun 166 | 10 74 76 6 . . . Cannon . | . . . . . . . Launcher 10 | . . 3 . . . 7 Special . | . . . . . . . Kinetic 166 | 10 74 76 6 . . . Thermal . | . . . . . . . Explosive 3 | . . 3 . . . . Electromagnetic 7 | . . . . . . 7 Robot Hit Streak 46 | 7 5 44 46 . . 7 Robot Miss Streak 4 | . 4 1 3 . . 1 Penetration Max . | . . . . . . . Secondary Targets 2 | . 1 1 . . . . Max Gunslinging Chain 1 | . 1 1 . . . . Shots Hit Robots 171 | 7 38 55 3 . 16 52 Core Hits 77 | 5 14 20 2 . 5 31 Critical Kills . | . . . . . . . Critical Parts Destroyed . | . . . . . . . Critical Strikes 4 | . . . . . 4 . Melee Attacks 100 | . . 8 . 1 20 71 Impact 7 | . . 7 . . . . Slashing 92 | . . . . 1 20 71 Piercing 1 | . . 1 . . . . Sneak Attacks 4 | . . . . . 3 1 Combat Hostiles . | . . . . . . . Follow-up Attacks . | . . . . . . . Damage Inflicted 5402 | 100 581 1315 71 . 743 2592 Guns 1831 | 100 581 1079 71 . . . Cannons . | . . . . . . . Explosions 911 | . . 236 . . . 675 Melee 2660 | . . . . . 743 1917 Ramming . | . . . . . . . Kinetic 1831 | 100 581 1079 71 . . . Thermal . | . . . . . . . Explosive 236 | . . 236 . . . . Electromagnetic 675 | . . . . . . 675 Impact . | . . . . . . . Slashing 2660 | . . . . . 743 1917 Piercing . | . . . . . . . Highest Corruption 2 | . . . . . 2 2 Average Corruption 1 | . . . . . 1 2 Corruption Purged . | . . . . . . . Corruption Blocked . | . . . . . . . Effects 16 | . . . . . 1 15 Message Errors 3 | . . . . . . 3 Matter Fused 5 | . . . . . 1 4 Heat Flow Errors 4 | . . . . . . 4 Energy Discharges 1 | . . . . . . 1 Data Loss (minor) 3 | . . . . . . 3 Overload Shots . | . . . . . . . Overflow Damage 206 | . . 48 . . 42 116 Projectiles . | . . . . . . . Explosions 71 | . . 48 . . . 23 Melee 135 | . . . . . 42 93 Knockbacks . | . . . . . . . Impact . | . . . . . . . Kinetic . | . . . . . . . Secondary . | . . . . . . . Self-Inflicted Damage . | . . . . . . . Shots . | . . . . . . . Rammed . | . . . . . . . Targets Rammed . | . . . . . . . Kicked . | . . . . . . . Crushed . | . . . . . . . Highest Temperature 382 | . 1 . 21 . . 382 Average Temperature 86 | . 1 . 10 . . 104 Received Heat Transfer 1041 | . 12 165 . 12 54 798 Siege Activations . | . . . . . . . Martial Activations . | . . . . . . . Shielding Activations . | . . . . . . . Robots Disrupted . | . . . . . . . Combat Hostiles . | . . . . . . . Robots Corrupted 2 | . . . . . . 2 Combat Hostiles 2 | . . . . . . 2 Parts Fried 3 | . . . . . . 3 Impact Corruptions . | . . . . . . . Robots Melted . | . . . . . . . Combat Hostiles . | . . . . . . . Parts Melted . | . . . . . . . Heat Transferred . | . . . . . . . Parts Sabotaged . | . . . . . . . Parts Stolen . | . . . . . . . Parts Stripped . | . . . . . . . Power Chain Reactions . | . . . . . . . Alert | -11 -10 -10 -8 -8 -6 -6 ------- Run | Yrd Mat Sub Rec Scr Fac Low Maximum Alert Level 1 | . . . . . 1 . Low Security (%) 83 | 100 100 . 100 . 46 . Level 1 16 | . . . . . 53 . Level 2 . | . . . . . . . Level 3 . | . . . . . . . Level 4 . | . . . . . . . Level 5 . | . . . . . . . High Security . | . . . . . . . Max Security . | . . . . . . . Peak Influence 271 | 20 129 . 30 . 271 . Initial 7 | . 6 . 7 . . . Average 67 | 4 32 . 4 . 163 . Influence Increases 1685 | 20 306 235 41 . 458 625 Destroy 0b10 Robot/C 900 | . 140 100 . . 260 400 Destroy 0b10 Robot/NC 80 | 20 30 . 10 . 15 5 Destroy Leader 96 | . 34 . . . 52 10 Allied During Kill 55 | . . . . . 55 . Successful Hack 25 | . 25 . . . . . Select Force Hacks 90 | . 60 . 30 . . . Disable Machine 15 | . . . . . 15 . Destroy Structure 34 | . 2 . 1 . 31 . Lose Combat Pursuer 390 | . 15 135 . . 30 210 Influence Decreases 1489 | 10 292 244 56 . 284 603 Entered New Map 90 | . 4 12 8 . . 66 Time Decay 1209 | 10 288 232 48 . 224 407 Lost Part 130 | . . . . . . 130 Lost Ally 60 | . . . . . 60 . Squads Dispatched 7 | . 3 . . . 4 . Investigation 2 | . 2 . . . . . Extermination 2 | . . . . . 2 . Reinforcement 3 | . 1 . . . 2 . Assault . | . . . . . . . Garrison . | . . . . . . . Intercept . | . . . . . . . Searches Triggered . | . . . . . . . Construction Impeded . | . . . . . . . Haulers Reinforced 1 | . . . . . 1 . Active Scanning Responses . | . . . . . . . Cargo Convoy Interrupts . | . . . . . . . Stealth | -11 -10 -10 -8 -8 -6 -6 --------- Run | Yrd Mat Sub Rec Scr Fac Low Distress Signals 1 | . 1 . . . . . Communications Jammed . | . . . . . . . Distress Signals . | . . . . . . . Times Spotted 93 | . 21 19 . 8 11 34 Peak Tracking Total 6 | . 5 4 . 3 4 6 Tactical Retreats 11 | . 1 3 . . 1 6 Traps | -11 -10 -10 -8 -8 -6 -6 ------- Run | Yrd Mat Sub Rec Scr Fac Low Traps Triggered 6 | . 1 1 . . 3 1 Indirectly . | . . . . . . . Trap Hack Attempts . | . . . . . . . Triggered . | . . . . . . . Disarmed . | . . . . . . . Reprogrammed . | . . . . . . . Reused . | . . . . . . . Traps Extracted . | . . . . . . . Installed . | . . . . . . . Triggered . | . . . . . . . Most Traps Carried 3 | . . . . 3 3 3 Machines | -11 -10 -10 -8 -8 -6 -6 ---------- Run | Yrd Mat Sub Rec Scr Fac Low Machines Disabled 4 | . . 1 . 1 1 1 Max in Single Turn 1 | . . 1 . . . 1 Garrison Access 1 | . . . . . 1 . Machines Repaired . | . . . . . . . Machines Dismantled . | . . . . . . . Machines Sabotaged . | . . . . . . . Overloaded Fab Kills . | . . . . . . . Hacking | -11 -10 -10 -8 -8 -6 -6 --------- Run | Yrd Mat Sub Rec Scr Fac Low Machines Accessed 14 | . 6 1 1 5 1 . Terminals 4 | . 4 . . . . . Fabricators . | . . . . . . . Repair Stations . | . . . . . . . Recycling Units 3 | . 2 . 1 . . . Scanalyzers . | . . . . . . . Garrison Access 1 | . . . . . 1 . Total Hacks 46 | . 17 4 1 23 1 . Successful 39 | . 10 4 1 23 1 . Failed 7 | . 7 . . . . . Catastrophic . | . . . . . . . Database Lockouts . | . . . . . . . Manual 7 | . 6 . 1 . . . Terminals 14 | . 14 . . . . . Fabricators . | . . . . . . . Repair Stations . | . . . . . . . Recycling Units 4 | . 3 . 1 . . . Scanalyzers . | . . . . . . . Garrison Access 1 | . . . . . 1 . Terminal Hacks 35 | . 8 4 . 23 . . Record 25 | . . 4 . 21 . . Robot Analysis 4 | . 4 . . . . . Prototype ID Bank 2 | . 2 . . . . . Open Door 1 | . . . . 1 . . Locate Traps 1 | . 1 . . . . . Registered Prototypes 1 | . 1 . . . . . Proto ID Catalog 1 | . . . . 1 . . Fabricator Hacks . | . . . . . . . Repair Station Hacks . | . . . . . . . Recycling Unit Hacks . | . . . . . . . Scanalyzer . | . . . . . . . Garrison Access Hacks 1 | . . . . . 1 . Seal Access 1 | . . . . . 1 . Unauthorized Hacks 3 | . 2 . 1 . . . Terminals . | . . . . . . . Fabricators . | . . . . . . . Repair Stations . | . . . . . . . Recycling Units 3 | . 2 . 1 . . . Tunnel 3 | . 2 . 1 . . . Scanalyzers . | . . . . . . . Garrison Access . | . . . . . . . Data Cores Recovered 1 | . 1 . . . . . Used 1 | . 1 . . . . . Hacking Detections 5 | . 5 . . . . . Full Trace Events . | . . . . . . . Feedback Events . | . . . . . . . Feedback Blocked . | . . . . . . . Robot Schematics Acquired . | . . . . . . . Robots Built . | . . . . . . . Authchips . | . . . . . . . Time . | . . . . . . . Total Robot Build Rating . | . . . . . . . Part Schematics Acquired . | . . . . . . . Parts Built . | . . . . . . . Authchips . | . . . . . . . Time . | . . . . . . . Total Part Build Rating . | . . . . . . . Parts Repaired . | . . . . . . . Time . | . . . . . . . Parts Recycled . | . . . . . . . Recycled Matter . | . . . . . . . Retrieved Matter . | . . . . . . . Retrieved Components . | . . . . . . . Parts Scanalyzed . | . . . . . . . Part Schematics Acquired . | . . . . . . . Parts Damaged . | . . . . . . . Bothacking | -11 -10 -10 -8 -8 -6 -6 ------------ Run | Yrd Mat Sub Rec Scr Fac Low Used RIF Installer . | . . . . . . . Robots Hacked . | . . . . . . . Non-combat . | . . . . . . . Combat . | . . . . . . . Robot Hacks Applied . | . . . . . . . Relay Couplers Released . | . . . . . . . Fabnet Peak Effective % . | . . . . . . . Robots Rewired . | . . . . . . . Allies Hacked . | . . . . . . . Hacks Repelled . | . . . . . . . Allies | -11 -10 -10 -8 -8 -6 -6 -------- Run | Yrd Mat Sub Rec Scr Fac Low Total Allies 5 | . . . . 5 . . Largest Group 5 | . . . . 5 5 . Highest-Rated Group 235 | . . . . 235 235 . Highest-Rated Ally 47 | . . . . 47 47 . Total Orders . | . . . . . . . Ally Attacks 84 | . . . . 24 60 . Total Damage 1928 | . . . . 511 1417 . Kills 20 | . . . . 7 13 . Allies Corrupted . | . . . . . . . Allies Melted 1 | . . . . 1 . . Intel | -11 -10 -10 -8 -8 -6 -6 ------- Run | Yrd Mat Sub Rec Scr Fac Low Active Infowar (turns) 2409 | 13 1148 579 . 56 483 130 Structural 469 | . . . . 56 283 130 Seismic 2219 | 13 1148 579 . . 479 . Robot Analysis Total 4 | . 4 . . . . . Derelict Logs Recovered 8 | . . 1 . 5 . 2 Drone Launches . | . . . . . . . Drone Recoveries . | . . . . . . . Exploration | -11 -10 -10 -8 -8 -6 -6 ------------- Run | Yrd Mat Sub Rec Scr Fac Low Turns Passed 9616 | 98 1148 2027 257 4205 648 1233 Spaces Moved 5995 | 47 499 972 165 2948 491 873 Core 565 | 4 . . . 561 . . Treads 383 | 39 308 35 . 1 . . Legs 2824 | . . . . 1460 491 873 Wheels 2223 | 4 191 937 165 926 . . Hover . | . . . . . . . Flight . | . . . . . . . Fastest Speed 50 | 50 160 150 150 50 102 90 Average Speed 142 | 143 201 175 150 138 109 102 Slowest Speed 480 | 160 480 320 150 465 190 180 Overloaded Moves . | . . . . . . . Propulsion Burnouts . | . . . . . . . Robots Hopped . | . . . . . . . Potential Cave-ins . | . . . . . . . Cave-ins Triggered . | . . . . . . . Exploration Rate (%) 50 | 4 72 53 34 87 14 90 Regions Visited 6 Branch Regions 4 Pre-discovered Areas 9 | . 2 2 1 4 . . Known Exits Taken 2 | . . . . 1 1 . Unknown Exits Taken 4 | 1 1 1 1 . . . Scrap Searched 22 | . . 11 . 7 . 4 Spaces Dug 2 | . . 1 . . . 1 Terrain Destroyed 14 | . . 12 1 . . 1 Melee 2 | . . 1 . . . 1 Projectile 1 | . . . 1 . . . AOE 11 | . . 11 . . . . Terrain Rammed . | . . . . . . . Walls Destroyed . | . . . . . . . Machines Disabled . | . . . . . . . Actions | -11 -10 -10 -8 -8 -6 -6 --------- Run | Yrd Mat Sub Rec Scr Fac Low Total 6753 | 64 570 1194 168 3077 570 1110 Wait 347 | . 13 109 . 58 27 140 Move 5989 | 46 498 971 164 2947 490 873 Hop . | . . . . . . . Pick Up 83 | 6 12 20 . 34 8 3 Fast Attach 22 | 7 . 1 . 9 5 . Attach 19 | . . 4 . 1 7 7 Detach 5 | . . 1 . . 1 3 Swap 37 | . 4 22 1 3 5 2 Drop 51 | . 6 10 . 24 7 4 Fire 100 | 5 37 48 3 . . 7 Melee 100 | . . 8 . 1 20 71 Ram . | . . . . . . . Kick . | . . . . . . . Crush . | . . . . . . . Escape Stasis . | . . . . . . . Rewire . | . . . . . . . Trap . | . . . . . . . Miscellaneous . | . . . . . . . Route ------- -11/Scrapyard -10/Materials (discovered 5 exits: [*Mat x2] / [*Min x2] / *Sub) -10/Subcaves (discovered 2 exits: [*Mat] / *Rec) -8/Recycling (discovered 2 exits: *Fac / *Scr) -8/Scraptown (discovered 2 exits: *Fac x2) -6/Factory (discovered 3 exits: [*Fac] / *Low x2) -6/Lower Caves (discovered 1 exit: *Low) History --------- Turn | Location | Event 18 | -11/Scrapyard | Discovered new exit (range 13) 99 | -11/Scrapyard | Entered Materials 187 | -10/Materials | Discovered new exit (range 7) 314 | -10/Materials | Build established: Mutant 497 | -10/Materials | Discovered new exit (range 12) 667 | -10/Materials | Discovered new exit (range 4) 854 | -10/Materials | Discovered new exit (range 8) 1103 | -10/Materials | Discovered new exit (range 14) 1247 | -10/Materials | Entered Subcaves 1485 | -10/Subcaves | Shifting Twisted Machinery released Sub. Power Source 1485 | -10/Subcaves | Shifting Twisted Machinery released Mak. Hacking Suite 1623 | -10/Subcaves | Learned location of Zion (-6) 1718 | -10/Subcaves | A swath of the cavern ceiling suddenly collapsed 1802 | -10/Subcaves | Discovered new exit (range 11) 1981 | -10/Subcaves | Discovered new exit (range 3) 2070 | -10/Subcaves | Visited Clippyterm 2076 | -10/Subcaves | Learned location of Deep Caves (-6) 2160 | -10/Subcaves | Shifting Twisted Machinery released Battle Rifle 2161 | -10/Subcaves | Shifting Twisted Machinery released Sub. Optics 2409 | -10/Subcaves | Shifting Twisted Machinery released Sub. Monowheel 2777 | -10/Subcaves | Core integrity fell below 50% 2918 | -10/Subcaves | Core integrity fell below 20% 3274 | -10/Subcaves | Entered Recycling 3433 | -8/Recycling | Discovered new exit (range 8) 3495 | -8/Recycling | Scanned before Scraplab entrance 3517 | -8/Recycling | Entered Scraplab 3529 | -8/Recycling | Discovered new exit (range 2) 3531 | -8/Recycling | Entered Scraptown 3609 | -8/Scraptown | Heard Great Nut preacher, LISTEN AND RECITE! 3687 | -8/Scraptown | Scanned Subdweller tech in exchange for log data 3690 | -8/Scraptown | Learned location of 2 exits from Factory 3692 | -8/Scraptown | Learned Factory stockpile data 3695 | -8/Scraptown | Learned Research emergency access door positions 3698 | -8/Scraptown | Learned Factory terminal intel 3717 | -8/Scraptown | Discovered new exit (range 13) 4185 | -8/Scraptown | Visited Junk Repository 4227 | -8/Scraptown | Visited Supply Room 4253 | -8/Scraptown | Visited Comm Corps 4262 | -8/Scraptown | Visited Bundlers 4413 | -8/Scraptown | Visited Cyclists 4434 | -8/Scraptown | Visited UFD Registry 4434 | -8/Scraptown | Registered with UFD as "Chainback" 4463 | -8/Scraptown | Entered Cyclist Reading Room 4541 | -8/Scraptown | Visited Derelict Rescue Squad 4580 | -8/Scraptown | Visited Botcube Research 4598 | -8/Scraptown | Visited Curators Association 4644 | -8/Scraptown | Visited Research Penetration Think Tank 4667 | -8/Scraptown | Visited Scrapoid Pod Storage 4682 | -8/Scraptown | Visited Science Guys 4734 | -8/Scraptown | Visited A0-MCA Data Center 4761 | -8/Scraptown | Visited Sword Containment 4788 | -8/Scraptown | Visited Cartography Club 4971 | -8/Scraptown | Learned location of Upper Caves (-4) 4971 | -8/Scraptown | Learned location of Armory (-3) 4971 | -8/Scraptown | Learned 4 Mines zone layouts 4971 | -8/Scraptown | Learned 8 Access zone layouts 4971 | -8/Scraptown | Learned 4 Storage zone layouts 4971 | -8/Scraptown | Learned 12 Research zone layouts 4971 | -8/Scraptown | Learned 24 Upper Caves zone layouts 4971 | -8/Scraptown | Learned 12 Proximity Caves zone layouts 4971 | -8/Scraptown | Learned 16 Proximity Caves zone layouts 4971 | -8/Scraptown | Learned 4 Hub_04(d) zone layouts 4971 | -8/Scraptown | Learned location of 2 exits from Research 4971 | -8/Scraptown | Learned location of 1 exit from Proximity Caves 4971 | -8/Scraptown | Learned location of 3 exits from Proximity Caves 4971 | -8/Scraptown | Identified exit to Factory 4990 | -8/Scraptown | Found Deep Structural Scanner 5047 | -8/Scraptown | Given a B rating by A0-MCA 5702 | -8/Scraptown | Found DRS Beacon 5781 | -8/Scraptown | Found Lrg. Botcube 5898 | -8/Scraptown | Found Scrapoid Pod 5963 | -8/Scraptown | Found A0-MCA's Component Scanner 7144 | -8/Scraptown | Scrapoid Pod released 08S07-D (x5) 7586 | -8/Scraptown | Met Optimus 7586 | -8/Scraptown | Accepted into 0bPrime 7679 | -8/Scraptown | Civil war broke out across Scraptown 7733 | -8/Scraptown | Lost 7 allies 7736 | -8/Scraptown | Entered Factory 7736 | -6/Factory | Accompanied by 5 allies 7736 | -6/Factory | Evolved 8 slots: Propulsion x3, Utility x5 7737 | -6/Factory | Identified exit to Lower Caves 7739 | -6/Factory | Loaded intel: 26 terminal locations 7943 | -6/Factory | Lost 4 allies 8018 | -6/Factory | Build established: Hacker-Mutant 8097 | -6/Factory | Discovered new exit (range 15) 8384 | -6/Factory | Entered Lower Caves 8665 | -6/Lower Caves | Learned 12 Factory zone layouts 8943 | -6/Lower Caves | Learned Factory non-interactive machine intel 9014 | -6/Lower Caves | Discovered new exit (range 8) 9028 | -6/Lower Caves | Identified exit to Lower Caves 9320 | -6/Lower Caves | Attracted the attention of an 0b10 base 9422 | -6/Lower Caves | Lost 4 parts (2n2u) 9530 | -6/Lower Caves | Core integrity fell below 50% 9540 | -6/Lower Caves | Lost 5 parts (1p2n2u) 9574 | -6/Lower Caves | Core integrity fell below 20% 9617 | -6/Lower Caves | Destroyed by G-67 Veteran with Field Laser Last Messages --------------- 09480_ VSS Leg destroyed. 09482_ Hvy. Deuterium Engine destroyed. 09489_ Imp. Light Armor Plating destroyed. 09490_ Critical hit (Burn: +50). 09493_ VSS Leg destroyed. 09494_ Destroyed Hvy. Laser. 09500_ G-50 Soldier destroyed. 09504_ System corrupted: Energy discharge (-22). 09508_ Adv. Heat Sink fries itself beyond repair. 09509_ Mak. Hacking Suite destroyed. 09561_ VSS Leg destroyed. 09564_ Critical hit (Burn: +50). 09569_ GPJ THSECMX%Q,G/BBNV8TUPF 2 Companion Sword: "Scratches don't look good on me." 09581_ Destroyed Carbon-fiber Leg. 09583_ G-50 Soldier destroyed. 09614_ VSS Leg destroyed. [Achievement: I Think I Know What's Going On] Map ----- +----------------------------------------------------+ | #??# ####?????????????????????????????? | | ###??# ###??????????????????????????????? | | # #???## ##?????????????????????????????? | | # #??## ###???????????????????????????? | | # #??# ###?????????????????????????? | | #[ #?## ##????????????????????????? | | #!%### ######???????????????????? | | # *! ### #???????????????????? | | ## #?## % #???????????????????? | | #??#### #####"##### #???????????????????? | | #????#### #""""" % # #???????????????????? | | ## ######### #" T / #???????????????????? | | ## ######## %#" # #???????????????????? | | ### ###### # # #???????????????????? | | #?# ###### %"% / #???????????????????? | | #?# # # # #???##??????????????? | | #?# ### #"""" # ### ##?????????????? | | ### ##### #"""" % " ## #?????????????? | | ### ####### #"""" """"# #?????????????? | | ### ####### ########### ### #?????????????? | | ### #### % ####? #????????????? | | ### #### ####????????????????? | | ### ### ###### ### ### ????????????????? | | ### ## ##### ### ## ????????????????? | | ### ## #### g### ## ????????????????? | | ## ### ### #### @# ####????????????????? | | ### ### #### ##### ##???????????????????? | | ###### ######### ###### #????????????????????? | | ################# ##?## #???????????????????? | | ########## ### #### # ???????????????#### | | ######### ##### ##???????????#### # | | ##### ## ####?## #????????????# | | ##### #### ### ####??? ?????????????# # | | ##### ####??##### #####????#????????????# # | | ##### #####??#### #####????????????????## | | #### ##########? #####????????????????# | | ### ##########?# ####????# ???????????# | | ##########?# #????### #??????????# | | ### ####?# #???# ?????#???# | | ####?? #??# ???? ##### | | # #######?? ??? ? # # | | ### ########?? ?? ## # | | #### ##########?? ?? ######### | | #### ########???? ## ######### | | %! #???? ### ### ######### | | ! #????# #### ### ####### ## | | #?????? ##### ## ######## | | "" " """" ##????? ### ######## | | "" " """ ##???# ## ####### | | " " "" ##??##### ###### | +----------------------------------------------------+ Best States ------------- Heat Dissipation 37 Energy Generation 18 Energy Capacity 310 Matter Stores 300 Matter Capacity 300 Sight Range 16 Terrain Scan Density 10 Armor Coverage 375 Melee Speed Boost 20 Evasion (%) 57 Recoil Reduction 2 Offensive Hacking 22 Item Schematics ----------------- None Robot Schematics ------------------ None Fabricated ------------ Nothing Repaired ---------- Nothing Alien Tech Used ----------------- None Achievements -------------- I Think I Know What's Going On Challenges ------------ None Game ------ Seed ArmoredReactionWheel Manual? 0 Play Time 01:03:12 Cumulative 63.1 hours Start 2025.09.20 @ 03:17:45 End 2025.09.20 @ 04:34:21 Sessions 1 Manual Loads 0 Difficulty Rogue Special Mode None Game No. 120 Rogue 120 Adventurer 0 Explorer 0 Win Type - Total 0 Types 0/0/0/0/0/0/0/0/0/0 Lore% 50 Gallery% 36 Achievement% 34 Wizard Run 0 Options --------- Layout 2 ASCII 0 Keyboard 1 Movement Arrows Keybinds 0 Fullscreen 2 Font 32/SmallcapsGlow Map View 50x44 Zoom Use 0% Tactical HUD 1 Map Filters NONE Filters NONE Steam 1 RUN: aa58e517-ee0f-4457-9412-3cb94bdd7219